 Dungeon Crawl Stone Soup version 0.32-a0-779-g362cfcae2a (webtiles) character file.

Game seed: 17073455531073225886

18230 ezpacito the Cleaver (level 12, -5/103 HPs)
             Began as a Coglin Chaos Knight on Mar 19, 2024.
             Was a Plaything of Xom.
             Slain by a gargoyle
             ... wielding a +2 mace of protection
              (9 damage)
             ... on level 13 of the Dungeon.
             The game lasted 00:22:35 (13329 turns).

ezpacito the Cleaver (Coglin Chaos Knight)         Turns: 13329, Time: 00:22:36

Health: -5/103     AC: 19    Str: 15    XL:     12   Next: 56%
Magic:  18/18      EV: 16    Int:  7    God:    Xom [......]
Gold:   424        SH:  0    Dex: 20    Spells: 3/20 levels left

rFire   + + +        r - +5 mace of Cihec {spect, rF++ rCorr Int-5 Dex+2}
rCold   + . .        a - +0 hand axe (chaos) {Rabni}
rNeg    . . .        s - +1 steam dragon scales
rPois   +            P - +2 hat
rElec   +            T - +1 cloak
rCorr   +            F - +2 pair of gloves
SInv    .            e - +3 pair of seven-league boots {Rampage+∞}
Will    .....        (amulet unavailable)
Stlth   +++          (ring unavailable)
HPRegen 0.37/turn    (ring unavailable)
MPRegen 0.16/turn    (no gizmo)

%: rampage+∞
@: resistant, fragile (+50% incoming damage), revved
A: off-hand wielding, slow wielding, warmup strikes, no jewellery, horns 1,
agile 1, robust 1, teleportitis 1, evolution 2
a: Invent Gizmo, Renounce Religion


You were on level 13 of the Dungeon.
You worshipped Xom.
You were a very special plaything of Xom.
You visited 2 branches of the dungeon, and saw 14 of its levels.

You collected 890 gold pieces.
You spent 466 gold pieces at shops.

Inventory:

Hand Weapons
 a - a +0 hand axe of chaos (offhand) {Rabni}
 r - the +5 mace of Cihec (weapon) {spect, rF++ rCorr Int-5 Dex+2}
   (You found it on level 2 of the Dungeon)

   Int-5:     It affects your intelligence (-5).
   Dex+2:     It affects your dexterity (+2).
   rF++:      It greatly protects you from fire.
   rCorr:     It protects you from acid and corrosion.
 v - a +0 trident
 z - a +0 rapier of chaos
 A - a +3 war axe of flaming
 K - a +0 double sword
 L - a +0 war axe of protection
 S - a +1 whip of distortion
Missiles
 d - 2 curare-tipped darts
 o - 16 boomerangs
 x - 4 atropa-tipped darts
 B - 7 javelins
 C - 57 poisoned darts (quivered)
Armour
 b - a +0 helmet
 e - the +3 pair of seven-league boots (worn) {Rampage+∞}
   (You acquired it on level 12 of the Dungeon)

   Rampage+∞: When moving toward enemies, its wearer moves as far as possible,
   alerting their target en route.
 s - +1 steam dragon scales (worn)
 F - a +2 pair of gloves (worn)
 P - a +2 hat (worn)
 T - a +1 cloak (worn)
Magical Staves
 c - a staff of alchemy
 J - a staff of fire
Wands
 i - a wand of polymorph (3)
 D - a wand of digging (5)
 I - a wand of charming (2)
Scrolls
 f - 3 scrolls of noise
 g - a scroll of fear
 j - 2 scrolls of poison
 m - a scroll of vulnerability
 p - a scroll of immolation
 t - 8 scrolls of teleportation
 y - 2 scrolls of revelation
Potions
 k - 2 potions of cancellation
 q - a potion of attraction
 u - a potion of enlightenment
 w - a potion of magic
 E - 2 potions of lignification
 R - 2 potions of brilliance
Miscellaneous
 h - a phantom mirror (inert)


   Skills:
 * Level 8.8 Fighting
 * Level 8.8(9.5) Axes
 + Level 5.1(7.3) Polearms
 * Level 7.6 Armour
 * Level 7.4 Dodging
 + Level 5.0 Stealth
 + Level 4.5 Spellcasting
 + Level 2.6 Summonings
 + Level 4.6 Alchemy
 + Level 6.9 Evocations


You had 3 spell levels left.
You knew the following spells:

 Your Spells              Type           Power      Damage    Failure   Level
a - Yara's Violent Unrav  Hex/Alch       2%         3d3       97%         5
b - Monstrous Menagerie   Summ           2%         N/A       100%        7
c - Summon Mana Viper     Hex/Summ       3%         N/A       99%         5

Your spell library contained the following spells:

 Spells                   Type           Power      Damage    Failure   Level
 Jinxbite                 Hex            2%         N/A       41%         2
 Static Discharge         Conj/Air       2%         3-4/arc   41%         2
 Summon Ice Beast         Ice/Summ       3%         N/A       45%         3
 Frozen Ramparts          Ice            2%         1d1       65%         3
 Ozocubu's Armour         Ice            1%         N/A       65%         3
 Animate Armour           Summ/Erth      6%         N/A       86%         4
 Summon Lightning Spire   Summ/Air       3%         N/A       86%         4
 Airstrike                Air            0%         2d(1-17)  96%         4
 Passage of Golubria      Tloc           1%         N/A       96%         4
 Lee's Rapid Deconstruct  Erth           0%         3d4*      100%        5
 Metabolic Englaciation   Hex/Ice        0%         N/A       100%        5
 Silence                  Hex/Air        0%         N/A       100%        5
 Enfeeble                 Hex            0%         N/A       100%        7
 Lehudib's Crystal Spear  Conj/Erth      0%         10d2      100%        8


Dungeon Overview and Level Annotations

Branches:
Dungeon (13/15)            Temple (1/1) D:7            Lair (0/5) D:11
    Orc (0/2) D:10
 Vaults: D:13-14

Altars:
Ashenzari
Cheibriados
Dithmenos
Elyvilon
Fedhas
Gozag
Hepliaklqana
Kikubaaqudgha
Makhleb
Nemelex Xobeh
Okawaru
Qazlal
Ru
Sif Muna
Trog
Uskayaw
Vehumet
Wu Jian
Xom
Yredelemnul
Zin
The Shining One

Shops:
D:5 (

Annotations:
D:9 2 transporters, Biggs's ghost, novice TrFi
D:11 3 runed translucent doors, Berder's ghost, journeyman OpFE; Biggs's ghost, journeyman DjCj; Rudyous's ghost, journeyman DrEE


Innate Abilities, Weirdness & Mutations

You can wield a second weapon in your off-hand.
It takes a long time for you to wield or remove held weapons.
Your first few attacks do less damage.
You cannot equip rings or amulets.
You have a pair of small horns on your head.
You are agile. (Dex +4, Str/Int -1)
You are robust. (+10% HP)
You are occasionally teleported next to monsters.
You have great hidden genetic potential.


Message History

Unknown command.
Aiming: Phantom Mirror
Press: ? - help, Dir - move target, f - gargoyle
Aim: a gargoyle, wielding a +2 mace of protection (lightly damaged)
You reflect the gargoyle with the mirror!
The mirror clouds!
The gargoyle misses you.
Your gargoyle completely misses the gargoyle.
You hit the gargoyle but do no damage.
The gargoyle seems to speed up.
The gargoyle is lightly damaged.
You hit the gargoyle but do no damage.
Your +5 mace of Cihec {spect, rF++ rCorr Int-5 Dex+2} hits the gargoyle but does no damage.
The gargoyle hurls a stone arrow at you.
The stone arrow misses you.
Your gargoyle hurls a stone arrow at the gargoyle.
The stone arrow hits the gargoyle.
You hit the gargoyle but do no damage.
The gargoyle is moderately damaged.
You hit the gargoyle but do no damage.
Your +5 mace of Cihec {spect, rF++ rCorr Int-5 Dex+2} hits the gargoyle but does no damage.
The gargoyle hurls a stone arrow at you.
The stone arrow hits you!
* * * LOW HITPOINT WARNING * * *
The gargoyle barely misses you.
Your gargoyle barely misses the gargoyle.
You take 11 damage, and have 11/103 hp.
You hit the gargoyle but do no damage.
You headbutt the gargoyle, but do no damage.
The gargoyle is moderately damaged.
You hit the gargoyle but do no damage.
Your +5 mace of Cihec {spect, rF++ rCorr Int-5 Dex+2} hits the gargoyle but does no damage.
The gargoyle hits you with a +2 mace of protection.
* * * LOW HITPOINT WARNING * * *
Your gargoyle closely misses the gargoyle.
You take 7 damage, and have 4/103 hp.
You hit the gargoyle but do no damage.
The gargoyle is moderately damaged.
You hit the gargoyle but do no damage.
Your +5 mace of Cihec {spect, rF++ rCorr Int-5 Dex+2} hits the gargoyle but does no damage.
The gargoyle hits you with a +2 mace of protection.
You die...

#...
#.#.#.......######
##..
#.#...............
####.##......
...........
####.....#####
.......<.....#.
###.#..9.......
#.9(.###.##
#.#@.....[.
...#)###...#
........ .[#
........## .#
........# #
........# .......
.....#.#


You could see a gargoyle (fast, ally target), a friendly gargoyle (summoned,
drained) and a friendly +5 mace of Cihec {spect, rF++ rCorr Int-5 Dex+2}.

Vanquished Creatures
  Rupert (D:12)
  A catoblepas (D:13)
  A boulder beetle (D:12)
  A two-headed ogre (D:8)
  A deep elf pyromancer (D:13)
  A harpy (D:12)
  An ugly thing (D:13)
  A cyclops (D:12)
  2 manticores
  Maurice (D:7)
  An elephant (D:12)
  Joseph (D:7)
  A gargoyle (D:12)
  2 unseen horrors
  An efreet (D:13)
  2 kobold demonologists (D:12)
  2 komodo dragons
  2 trolls
  A glass eye (D:13)
  7 slime creatures (D:12)
  3 shadows
  A vampire (D:10)
  5 yaks (D:9)
  4 wraiths
  2 fire bats (D:5)
  A wyvern (D:9)
  4 steam dragons
  Grum (D:10)
  3 vampire mosquitoes (D:12)
  2 wargs (D:10)
  3 acid dragons
  2 water moccasins
  An ice beast (D:6)
  3 sky beasts
  A sky beast (shapeshifter) (D:10)
  4 orc warriors
  3 wolves (D:10)
  3 centaurs
  A phantom (D:4)
  5 kobold brigands
  A gnoll sergeant (D:10)
  6 bullfrogs
  3 scorpions
  4 killer bees (D:9)
  3 howler monkeys
  2 bombardier beetles
  A hound (D:4)
  5 orc priests
  2 jellies
  A sleepcap (D:7)
  Ijyb (D:3)
  Natasha (thrice) (D:2)
  5 orc wizards
  3 iguanas
  A statue (D:9)
  Robin (D:4)
  6 gnolls
  6 adders
  A shadow imp (D:6)
  A white imp (D:6)
  2 ufetubi (D:4)
  7 dart slugs
  A ribbon worm (D:5)
  23 orcs
  3 ball pythons
  8 endoplasms
  4 giant cockroaches
  17 goblins
  6 hobgoblins
  A jackal (D:12)
  A quokka (D:1)
  6 bats
  3 frilled lizards
  31 kobolds
  4 rats
  A spectral weapon (D:12)
257 creatures vanquished.

Vanquished Creatures (collateral kills)
  A wraith (D:12)
  A slime creature (D:12)
  An orc (D:9)
3 creatures vanquished.

Vanquished Creatures (others)
  2 gnolls (D:3)
  An orc (D:8)
  A giant cockroach zombie (D:3)
  3 spectral weapons
7 creatures vanquished.

Grand Total: 267 creatures vanquished

Notes
Turn   | Place    | Note
-------+----------+-------------------------------------------
     0 | D:1      | ezpacito the Coglin Chaos Knight began the quest for the
                  | Orb.
     0 | D:1      | Reached XP level 1. HP: 18/18 MP: 1/1
   129 | D:1      | Reached skill level 1 in Dodging
   172 | D:1      | Reached XP level 2. HP: 24/24 MP: 2/2
   343 | D:1      | XOM: noise
   621 | D:1      | Reached XP level 3. HP: 29/29 MP: 3/3
   846 | D:2      | Found Reakholi's Distillery.
   857 | D:2      | Bought a potion of heal wounds for 50 gold pieces
   879 | D:2      | Noticed Natasha
   888 | D:2      | XOM: confuse monster(s)
   895 | D:2      | Killed Natasha
   896 | D:2      | Reached XP level 4. HP: 32/35 MP: 4/4
   997 | D:2      | Noticed Natasha
   998 | D:2      | Identified the +5 mace of Cihec {spect, rF++ rCorr Int-5
                  | Dex+2}
   998 | D:2      | XOM: enchant monster (good)
  1017 | D:2      | Killed Natasha
  1028 | D:2      | Noticed Natasha
  1035 | D:2      | Killed Natasha
  1036 | D:2      | Reached XP level 5. HP: 39/41 MP: 4/6
  1084 | D:2      | Reached skill level 1 in Polearms
  1342 | D:3      | XOM: give mutation
  1342 | D:3      | Gained mutation: You are clumsy. (Dex -2) [Xom's mischief]
  1394 | D:3      | XOM: enchant monster (bad)
  1396 | D:3      | Noticed Ijyb
  1398 | D:3      | XOM: 1-stop teleportation journey
  1435 | D:3      | XOM: stat loss: -1 Str (14/15)
  1524 | D:3      | Reached skill level 1 in Stealth
  1524 | D:3      | Reached skill level 1 in Spellcasting
  1630 | D:3      | XOM: enchant monster (bad)
  1637 | D:3      | Reached XP level 6. HP: 44/48 MP: 7/7
  1643 | D:3      | Reached skill level 1 in Evocations
  1738 | D:3      | Killed Ijyb
  2037 | D:4      | Noticed Robin
  2047 | D:4      | Killed Robin
  2215 | D:4      | XOM: noise
  2331 | D:4      | Reached XP level 7. HP: 43/54 MP: 9/9
  2439 | D:4      | XOM: summons 1 hostile demon
  2483 | D:4      | XOM: 7-stop teleportation journey
  2668 | D:4      | XOM: 7-stop teleportation journey
  3126 | D:4      | XOM: stat loss: -1 Int (5/6)
  3195 | D:5      | Entered Level 5 of the Dungeon
  3208 | D:5      | Found an ancient bone altar of Kikubaaqudgha.
  3222 | D:5      | XOM: scenery: summon butterflies
  3270 | D:5      | Found a transporter.
  3323 | D:5      | Found a burning altar of Makhleb.
  3331 | D:5      | Found a glowing silver altar of Zin.
  3347 | D:5      | Found a snail-covered altar of Cheibriados.
  3361 | D:5      | Found a bloodstained altar of Trog.
  3365 | D:5      | Found a shimmering altar of Xom.
  3370 | D:5      | You fall into a shaft and drop 3 floors!
  3570 | D:7      | Reached XP level 8. HP: 48/61 MP: 10/10
  3679 | D:7      | XOM: divination: magic mapping
  3740 | D:7      | Found a staircase to the Ecumenical Temple.
  3749 | Temple   | Entered the Ecumenical Temple
  3782 | D:7      | XOM: enchant monster (bad)
  3802 | D:7      | XOM: cloud trail
  3854 | D:7      | XOM: god gift: scroll labelled GOOLLIABEI {god gift}
  3952 | D:7      | XOM: 1-stop teleportation journey
  4028 | D:7      | Reached skill level 5 in Axes
  4132 | D:6      | Reached skill level 5 in Fighting
  4368 | D:5      | Found Dicly's Weapon Shop.
  4376 | D:5      | Bought 4 atropa-tipped darts for 36 gold pieces
  4384 | D:5      | Found a transporter.
  4661 | D:5      | XOM: scenery: summon butterflies
  4728 | D:6      | Found a broken altar of Ashenzari.
  4863 | D:6      | XOM: divination: detect creatures
  4865 | D:6      | Reached XP level 9. HP: 64/68 MP: 12/12
  5053 | D:6      | XOM: 8-stop teleportation journey
  5325 | D:7      | XOM: cloud trail
  5486 | D:7      | XOM: scenery: create altars
  5493 | D:7      | Reached skill level 1 in Alchemy
  5538 | D:7      | Noticed Maurice
  5538 | D:7      | XOM: smoke on damage
  5546 | D:7      | Killed Maurice
  5549 | D:7      | Noticed Joseph
  5555 | D:7      | Killed Joseph
  5556 | D:7      | Reached skill level 5 in Armour
  5795 | D:7      | XOM: divination: detect items
  6081 | D:8      | Noticed a two-headed ogre
  6083 | D:8      | XOM: smoke on damage
  6090 | D:8      | Killed a two-headed ogre
  6091 | D:8      | Reached skill level 5 in Dodging
  6091 | D:8      | Reached XP level 10. HP: 41/77 MP: 14/14
  6369 | D:8      | Found a white marble altar of Elyvilon.
  6379 | D:8      | Identified the +0 ring mail of Refuge {rCorr Dex+5}
  6427 | D:8      | Found a hazy altar of Hepliaklqana.
  6743 | D:8      | XOM: divination: detect creatures
  6764 | D:8      | XOM: divination: detect items
  7018 | D:9      | Reached skill level 5 in Evocations
  7021 | D:9      | Found a radiant altar of Vehumet.
  7177 | D:9      | Found a transporter.
  7177 | D:9      | Noticed a moth of wrath
  7178 | D:9      | Noticed a catoblepas
  7178 | D:9      | Noticed Biggs's ghost (novice TrFi)
  7190 | D:9      | Found a transporter.
  7324 | D:9      | XOM: smoke on damage
  7421 | D:9      | XOM: divination: magic mapping
  7504 | D:9      | XOM: divination: detect items
  7713 | D:9      | XOM: cast spell 'Olgreb's Toxic Radiance'
  7961 | D:9      | Found an ornate altar of the Wu Jian Council.
  7997 | D:10     | Entered Level 10 of the Dungeon
  8066 | D:10     | Noticed Grum
  8067 | D:10     | XOM: enchant monster (good)
  8083 | D:10     | Killed Grum
  8287 | D:10     | Reached XP level 11. HP: 52/84 MP: 16/16
  8489 | D:10     | XOM: cleaving
  8578 | D:10     | XOM: cleaving
  8613 | D:10     | XOM: god gift: 43 gold pieces
  8625 | D:10     | Found a shadowy altar of Dithmenos.
  8679 | D:10     | Found a staircase to the Orcish Mines.
  8859 | D:10     | XOM: confuse monster(s)
  9494 | D:11     | XOM: noise
  9771 | D:11     | Found a staircase to the Lair.
  9894 | D:11     | Learned a level 5 spell: Yara's Violent Unravelling
  9902 | D:11     | Learned a level 7 spell: Monstrous Menagerie
  9908 | D:11     | Learned a level 5 spell: Summon Mana Viper
  9944 | D:11     | Found a runed translucent gate.
  9945 | D:11     | Found a runed translucent gate.
  9945 | D:11     | Found a runed translucent gate.
  9946 | D:11     | Noticed Berder's ghost (journeyman OpFE)
  9946 | D:11     | Noticed Biggs's ghost (journeyman DjCj)
  9946 | D:11     | Noticed Rudyous's ghost (journeyman DrEE)
  9946 | D:11     | Noticed Biggs's ghost (journeyman DjCj)
 10294 | D:11     | XOM: noise
 10483 | D:12     | XOM: polymorph howler monkey -> jackal
 10529 | D:12     | XOM: noise
 10581 | D:12     | XOM: confuse monster(s)
 10585 | D:12     | XOM: butterfly on damage
 10598 | D:12     | Reached skill level 1 in Summonings
 10604 | D:12     | XOM: polymorph butterfly -> endoplasm
 10621 | D:12     | XOM: give mutations
 10621 | D:12     | Gained mutation: You are resistant to electric shocks.
                  | (rElec) [Xom's mischief]
 10621 | D:12     | Gained mutation: Your body sometimes deteriorates upon
                  | taking damage. [Xom's mischief]
 10753 | D:12     | Lost mutation: Your body sometimes deteriorates upon taking
                  | damage. [potion of mutation]
 10753 | D:12     | Lost mutation: You are clumsy. (Dex -2) [potion of
                  | mutation]
 10753 | D:12     | Lost mutation: You are resistant to electric shocks.
                  | (rElec) [potion of mutation]
 10753 | D:12     | Gained mutation: You are occasionally teleported next to
                  | monsters. [potion of mutation]
 10753 | D:12     | Gained mutation: You have hidden genetic potential. [potion
                  | of mutation]
 10753 | D:12     | Gained mutation: Your flesh is heat resistant. (rF+)
                  | [potion of mutation]
 10858 | D:12     | Identified a scroll of acquirement
 10858 | D:12     | Acquired the +3 pair of seven-league boots {Rampage+∞}
 10858 | D:12     | Found the +3 pair of seven-league boots {Rampage+∞}
 10885 | D:12     | Noticed Rupert
 10891 | D:12     | XOM: swap monsters
 10892 | D:12     | XOM: cleaving
 10905 | D:12     | Killed Rupert
 10974 | D:12     | Noticed a boulder beetle
 10983 | D:12     | XOM: chaos cloud
 10989 | D:12     | a troll changed into a harpy
 10989 | D:12     | Noticed a harpy
 10993 | D:12     | Killed a harpy
 10997 | D:12     | XOM: 1-stop teleportation journey
 11275 | D:12     | Killed a boulder beetle
 11289 | D:12     | XOM: confuse monster(s)
 11461 | D:12     | Noticed a manticore
 11468 | D:12     | Reached XP level 12. HP: 84/93 MP: 18/18
 11481 | D:12     | XOM: potion effect (invisibility)
 11672 | D:12     | XOM: smoke on damage
 12026 | D:9      | XOM: god gift: copper wand {god gift}
 12180 | D:2      | Bought a potion of attraction for 30 gold pieces
 12180 | D:2      | Bought a potion of brilliance for 40 gold pieces
 12180 | D:2      | Bought a potion of heal wounds for 50 gold pieces
 12180 | D:2      | Bought 2 potions of heal wounds for 100 gold pieces
 12180 | D:2      | Bought a potion of magic for 80 gold pieces
 12180 | D:2      | Bought a potion of cancellation for 80 gold pieces
 12271 | D:8      | XOM: give mutations
 12271 | D:8      | Gained mutation: You have a pair of small horns on your
                  | head. [Xom's grace]
 12271 | D:8      | Gained mutation: You are agile. (Dex +4, Str/Int -1) [Xom's
                  | grace]
 12289 | D:9      | XOM: scenery: summon butterflies
 12383 | D:13     | Noticed a catoblepas
 12399 | D:13     | XOM: smoke on damage
 12401 | D:13     | Killed a catoblepas
 12401 | D:13     | XOM: noise
 12402 | D:13     | Reached skill level 5 in Polearms
 12412 | D:13     | Noticed Urug
 12416 | D:13     | XOM: cast spell 'Summon Ice Beast'
 12587 | D:13     | Urug changed into Urug the manticore
 12587 | D:13     | Noticed Urug
 12589 | D:13     | XOM: noise
 12592 | D:13     | XOM: chaos upgrade
 12595 | D:13     | Killed Urug the manticore
 12750 | D:13     | Gained mutation: You are robust. (+10% HP) [hidden
                  | potential]
 13024 | D:13     | XOM: silly message
 13195 | D:12     | XOM: give mutations
 13195 | D:12     | Lost mutation: Your flesh is heat resistant. (rF+) [Xom's
                  | mischief]
 13195 | D:12     | Gained mutation: You have great hidden genetic potential.
                  | [Xom's mischief]
 13259 | D:12     | Reached skill level 5 in Stealth
 13260 | D:12     | XOM: summons 2 hostile demons
 13328 | D:13     | HP: 4/103 [gargoyle/+2 mace of protection (7)]
 13329 | D:13     | Slain by a gargoyle

Illustrated notes

Levels and vault maps discovered:
D:1:      dpeg_arrival_rooms_with_view, layout_basic, serial_curves,
          eino_curves_03, eino_curves_01, amethyst_killhole,
          minmay_shallow_snake_nest
D:2:      layout_basic, serial_shops, nicolae_shop_industrial_runoff,
          uniq_natasha
D:3:      layout_loops_ring, minmay_misc_feat_pillars, nrook_mini_vaults,
          uniq_ijyb
D:4:      layout_gridville, uniq_robin
D:5:      gammafunk_cloud_chamber, layout_rooms,
          grunt_temple_overflow_order_and_chaos_2, kiku_gazebo_pond_becter,
          grunt_temple_overflow_open, serial_shops,
          nicolae_shop_bloodbath_and_beyond, nrook_campfire
D:6:      layout_gridville, kennysheep_mini
D:7:      layout_layer_cave, minmay_temple_entry_antechambers, uniq_joseph,
          uniq_maurice
D:8:      layout_loops_cross, mainiacjoe_overflow_cross_hatched,
          general_overflow_altar, nicolae_nh_ransacked_shop
D:9:      layout_loops_ring, nicolae_wu_jian_immortal_techniques,
          vehumet_statue, gammafunk_ghost_berserking_beasts
D:10:     layout_irregular_city, grunt_dithmenos_smoke_and_mirrors,
          david_orc_1_choice, chequers_arboretum, uniq_grum
D:11:     layout_basic, lair_entry_dummy, gammafunk_ghost_cemetery,
          hangedman_decor_points
D:12:     layout_roguey, uniq_rupert
D:13:     minmay_the_grid_triangle_9x9_rhombus_full
          [minmay_the_grid_triangle_9x9_stretched_checkered,
          minmay_the_grid_triangle_9x9_limited_checkers,
          minmay_the_grid_triangle_9x9_corrupted_corridor,
          minmay_the_grid_triangle_9x9_subtriangle,
          minmay_the_grid_triangle_9x9_semitri,
          minmay_the_grid_triangle_9x9_longest,
          minmay_the_grid_triangle_9x9_zippers_horizontal,
          minmay_the_grid_triangle_9x9_prize_special], layout_basic,
          uniq_jorgrun, uniq_urug, uniq_snorg
Temple:   hellmonk_temple_micro_hex

Skill      XL: |  1  2  3  4  5  6  7  8  9 10 11 12 |
---------------+-------------------------------------+-----
Dodging        | 1 2 3 4 5 6 7 |  7.4
Armour         | 2 3 4 5 6 7 |  7.6
Polearms       | 1 2 3 4 5 |  5.1
Stealth        | 1 2 3 4 5 |  5.0
Spellcasting   | 1 2 3 4 |  4.5
Evocations     | 1 2 3 4 5 6 |  6.9
Axes           | 4 5 6 7 8 |  8.8
Fighting       | 4 5 6 7 8 |  8.8
Alchemy        | 2 3 4 |  4.6
Summonings     | 1 2 |  2.6

Action                     |  1- 3 |  4- 6 |  7- 9 | 10-12 || total
---------------------------+-------+-------+-------+-------++-------
  Melee: Dagger            |    49 |    22 |       |       ||    71
         Hand axe          |    54 |    90 |   121 |   435 ||   700
         Mace              |       |    78 |   120 |   435 ||   633
         Headbutt          |       |       |       |    33 ||    33
  Evoke: Wand              |       |       |    12 |     7 ||    19
         Phantom mirror    |       |       |       |     3 ||     3
    Use: Potion            |       |     1 |     7 |    14 ||    22
         Scroll            |       |       |    14 |    13 ||    27
   Stab: Sleeping          |     1 |     1 |     4 |     4 ||    10
         Confused          |     3 |       |       |    17 ||    20
         Paralysed         |       |       |     1 |     1 ||     2
         Distracted        |       |       |     2 |     6 ||     8
         Petrified         |       |       |       |    13 ||    13
         Petrifying        |       |       |       |     3 ||     3
         Invisible         |       |       |       |    13 ||    13
 Armour: Leather armour    |    41 |    56 |       |       ||    97
         Chain mail        |       |    42 |    31 |       ||    73
         Acid dragon scale |       |       |    75 |   203 ||   278
         Steam dragon scal |       |       |       |   194 ||   194
  Dodge: Dodged            |    30 |    42 |    59 |   291 ||   422

Table legend: (Time is in decaauts)
 A = Elapsed time spent in this place.
 B = Non-inter-level travel time spent in this place.
 C = Inter-level travel time spent in this place.
 D = Time resting spent in this place.
 E = Time spent auto-exploring this place.
 F = Levels seen in this place.
 G = Mean time per level.
                   A        B        C        D        E       F      G
               +--------+--------+--------+--------+--------+-----+--------+
         Total |  13342 |  12499 |    843 |   1810 |   8563 |  14 |  953.0 |
       Dungeon |  13341 |  12498 |    843 |   1810 |   8563 |  13 | 1026.2 |
        Temple |      1 |      1 |      0 |      0 |      0 |   1 |    1.0 |
               +--------+--------+--------+--------+--------+-----+--------+

Top non-repeatable levels by time:
    D:12: 2387 daAuts
    D:10: 1559 daAuts
     D:7: 1316 daAuts
     D:4: 1250 daAuts
     D:9: 1238 daAuts
     D:8: 969 daAuts
    D:11: 940 daAuts
     D:6: 916 daAuts
     D:1: 837 daAuts
     D:3: 744 daAuts
     D:2: 526 daAuts
     D:5: 497 daAuts
    D:13: 156 daAuts
  Temple: 1 daAuts
